PCL
TEXARKANA BEARS @ GRESHAM GOLD SOULS
06/27/2029
 
TOP OF THE 1ST
Texarkana Bears batting - Pitching for Gresham Gold Souls : RHP Arturo Martínez
Pitching: RHP Arturo Martínez
Batting: LHB Alberto Medine 0-0: Called Strike
0-1: Ball
1-1: Called Strike
1-2: Foul Ball, location: 2F
1-2: Strikes out swinging
Batting: RHB Taki Chikafuji 0-0: DOUBLE (Line Drive, 7LD)
Batting: RHB Billy Campbell 0-0: 2-RUN HOME RUN (Line Drive, 7LD), Distance : 362 ft
Batting: RHB Michael Barraclough 0-0: Called Strike
0-1: Ground out 6-3 (Groundball, 6)
Batting: LHB Sam Barnes 0-0: Ball
1-0: Called Strike
1-1: Ball
2-1: Ball
3-1: Base on Balls
Batting: RHB Gilberto López 0-0: Ball
1-0: Fly out, F9 (Flyball, 89M)
Top of the 1st over - 2 runs, 2 hits, 0 errors, 1 left on base; Texarkana 2 - Gresham 0
BOTTOM OF THE 1ST
Gresham Gold Souls batting - Pitching for Texarkana Bears : RHP António Ramírez
Pitching: RHP António Ramírez
Batting: RHB Jim Villiers 0-0: Foul Ball, location: 2F
0-1: Fly out, F9 (Flyball, 9)
Batting: LHB Bill Murphy 0-0: Foul Ball, location: 2F
0-1: Ball
1-1: SINGLE (Groundball, 56D)
Batting: LHB Nick Scott 0-0: Ball
1-0: Called Strike
1-1: Grounds into double play, 6-4-3 (Groundball, 6M)
Bottom of the 1st over - 0 runs, 1 hit, 0 errors, 0 left on base; Texarkana 2 - Gresham 0
TOP OF THE 2ND
Texarkana Bears batting - Pitching for Gresham Gold Souls : RHP Arturo Martínez
Batting: RHB Steve Garneys 0-0: Ball
1-0: SINGLE (Line Drive, 8LS)
Batting: RHB Arturo Rodríguez 0-0: Called Strike
0-1: Fly out, F8 (Flyball, 89M)
Batting: RHB Kun Liu 0-0: Ball
Steve Garneys is caught stealing 2nd base
1-0: SINGLE (Flyball, 7S)
Batting: LHB Alberto Medine 0-0: Swinging Strike
0-1: Foul Ball, location: 2F
0-2: Ball
1-2: Strikes out swinging
Top of the 2nd over - 0 runs, 2 hits, 0 errors, 1 left on base; Texarkana 2 - Gresham 0
BOTTOM OF THE 2ND
Gresham Gold Souls batting - Pitching for Texarkana Bears : RHP António Ramírez
Batting: RHB Luis Gonzáles 0-0: DOUBLE (Line Drive, 8LD)
Batting: LHB Millard Dye 0-0: Ground out 4-3 (Groundball, 34D)
Luis Gonzáles to third
Batting: RHB Alberto Chávez 0-0: Called Strike
0-1: Foul Ball, location: 2F
0-2: Ball
1-2: Ball
2-2: Foul Ball, location: 2F
2-2: Foul Ball, location: 2F
2-2: Foul Ball, location: 2F
2-2: Foul Ball, location: 2F
2-2: Ball
3-2: Foul Ball, location: 2F
3-2: Fly out, F7 (Flyball, 7LS)
Runner from 3rd tags up, SCORES, no throw
Batting: LHB Ezechiele Bruno 0-0: Called Strike
0-1: Swinging Strike
0-2: Ball
1-2: Ball
2-2: Ball
3-2: Fly out, F9 (Flyball, 9S)
Bottom of the 2nd over - 1 run, 1 hit, 0 errors, 0 left on base; Texarkana 2 - Gresham 1
TOP OF THE 3RD
Texarkana Bears batting - Pitching for Gresham Gold Souls : RHP Arturo Martínez
Batting: RHB Taki Chikafuji 0-0: Swinging Strike
0-1: Called Strike
0-2: Strikes out swinging
Batting: RHB Billy Campbell 0-0: Ball
1-0: Foul Ball, location: 2F
1-1: Foul Ball, location: 2F
1-2: Ball
2-2: Strikes out swinging
Batting: RHB Michael Barraclough 0-0: Ball
1-0: Ball
2-0: Ball
3-0: Called Strike
3-1: Foul Ball, location: 2F
3-2: Fly out, F7 (Flyball, 7)
Top of the 3rd over - 0 runs, 0 hits, 0 errors, 0 left on base; Texarkana 2 - Gresham 1
BOTTOM OF THE 3RD
Gresham Gold Souls batting - Pitching for Texarkana Bears : RHP António Ramírez
Batting: SHB Todd Smith 0-0: Ball
1-0: Ball
2-0: Called Strike
2-1: Called Strike
2-2: SOLO HOME RUN (Flyball, 9D), Distance : 398 ft
Batting: RHB Augusto Baiano 0-0: Foul Ball, location: 2F
0-1: SINGLE (Line Drive, 4MD)
Batting: RHB Jim Villiers 0-0: Called Strike
0-1: Ball
1-1: Called Strike
1-2: Foul Ball, location: 2F
1-2: Foul Ball, location: 2F
1-2: Foul Ball, location: 2F
1-2: Ball
2-2: Ball
3-2: Fly out, F7 (Flyball, 7S)
Batting: LHB Bill Murphy 0-0: Ball
1-0: Ball
2-0: Called Strike
2-1: Ball
3-1: Fly out, F9 (Flyball, 89M)
Batting: LHB Nick Scott 0-0: Called Strike
0-1: Ball
1-1: Ball
2-1: Ball
3-1: Base on Balls
Augusto Baiano to second
Batting: RHB Luis Gonzáles 0-0: Ball
1-0: DOUBLE (Line Drive, 7LM)
Augusto Baiano scores
Nick Scott to third
Runner from 3rd tries for Home, SAFE, no throw
Batting: LHB Millard Dye 0-0: Ball
1-0: Ball
2-0: Called Strike
2-1: Fly out, F6 (Line Drive, 6)
Bottom of the 3rd over - 3 runs, 3 hits, 0 errors, 1 left on base; Texarkana 2 - Gresham 4
TOP OF THE 4TH
Texarkana Bears batting - Pitching for Gresham Gold Souls : RHP Arturo Martínez
Batting: LHB Sam Barnes 0-0: Ball
1-0: Called Strike
1-1: DOUBLE (Line Drive, 9LD)
Batting: RHB Gilberto López 0-0: SINGLE (Flyball, 89M)
Sam Barnes to third
Batting: RHB Steve Garneys 0-0: Ball
1-0: Called Strike
1-1: Foul Ball, location: 2F
1-2: Foul Ball, location: 2F
1-2: Strikes out swinging
Batting: RHB Arturo Rodríguez 0-0: Ball
1-0: Ball
2-0: Called Strike
Gilberto López steals 2nd base
2-1: Fly out, F7 (Flyball, 78D)
Runner from 3rd tags up, OUT at HOME
Top of the 4th over - 0 runs, 2 hits, 0 errors, 1 left on base; Texarkana 2 - Gresham 4
BOTTOM OF THE 4TH
Gresham Gold Souls batting - Pitching for Texarkana Bears : RHP António Ramírez
Batting: RHB Alberto Chávez 0-0: Called Strike
0-1: Ball
1-1: SINGLE (Line Drive, 7S)
Batting: LHB Ezechiele Bruno 0-0: Called Strike
0-1: Foul Ball, location: 2F
0-2: SINGLE (Line Drive, 34D)
Alberto Chávez to second
Batting: SHB Todd Smith 0-0: Called Strike
0-1: DOUBLE (Groundball, 3L)
Alberto Chávez scores
Ezechiele Bruno to third
Batting: RHB Augusto Baiano 0-0: Called Strike
0-1: Foul Ball, location: 2F
0-2: Ball
1-2: Strikes out looking
Batting: RHB Jim Villiers 0-0: Foul Ball, location: 2F
0-1: Ground out 6-3 (Groundball, 6)
Ezechiele Bruno scores
Batting: LHB Bill Murphy 0-0: Ball
1-0: Ball
2-0: Called Strike
2-1: Foul Ball, location: 2F
2-2: Ball
3-2: Base on Balls
Batting: LHB Nick Scott 0-0: Ground out 4-3 (Groundball, 4)
Bottom of the 4th over - 2 runs, 3 hits, 0 errors, 2 left on base; Texarkana 2 - Gresham 6
TOP OF THE 5TH
Texarkana Bears batting - Pitching for Gresham Gold Souls : RHP Arturo Martínez
Batting: RHB Kun Liu 0-0: Called Strike
0-1: Foul Ball, location: 2F
0-2: Ball
1-2: Fly out, F8 (Flyball, 89D)
Batting: LHB Alberto Medine 0-0: Called Strike
0-1: Ball
1-1: Ball
2-1: SINGLE (Groundball, 4S) (infield hit)
Batting: RHB Taki Chikafuji 0-0: Called Strike
0-1: Ball
1-1: SINGLE (Flyball, 34D)
Alberto Medine to second
Runner from 2nd tries for 3rd, SAFE, throw made to third
Batting: RHB Billy Campbell 0-0: Called Strike
0-1: SINGLE (Groundball, 6D)
Alberto Medine scores
Taki Chikafuji to second
Batting: RHB Michael Barraclough 0-0: Ball
1-0: Called Strike
1-1: Ball
2-1: Ball
3-1: Base on Balls
Taki Chikafuji to third
Billy Campbell to second
Batting: LHB Sam Barnes 0-0: Foul Ball, location: 2F
0-1: Foul Ball, location: 2F
0-2: Strikes out swinging
Batting: RHB Gilberto López 0-0: Ball
1-0: Ball
2-0: Called Strike
2-1: Foul Ball, location: 2F
2-2: Strikes out swinging
Top of the 5th over - 1 run, 3 hits, 0 errors, 3 left on base; Texarkana 3 - Gresham 6
BOTTOM OF THE 5TH
Gresham Gold Souls batting - Pitching for Texarkana Bears : RHP António Ramírez
Pitching: RHP Dave Hammond
Batting: RHB Luis Gonzáles 0-0: Called Strike
0-1: Ball
1-1: Fly out, F7 (Flyball, 78S)
Batting: LHB Millard Dye 0-0: Ball
1-0: Foul Ball, location: 2F
1-1: Fly out, F7 (Line Drive, 7S)
Batting: RHB Alberto Chávez 0-0: Ball
1-0: Swinging Strike
1-1: Hit by Pitch
Batting: LHB Ezechiele Bruno 0-0: Called Strike
0-1: Foul Ball, location: 2F
0-2: Ball
1-2: Ball
2-2: Fly out, F7 (Flyball, 78M)
Bottom of the 5th over - 0 runs, 0 hits, 0 errors, 1 left on base; Texarkana 3 - Gresham 6
TOP OF THE 6TH
Texarkana Bears batting - Pitching for Gresham Gold Souls : RHP Arturo Martínez
Batting: RHB Steve Garneys 0-0: Ball
1-0: Foul Ball, location: 2F
1-1: Swinging Strike
1-2: Ball
2-2: Foul Ball, location: 2F
2-2: Foul Ball, location: 2F
2-2: Foul Ball, location: 2F
2-2: Foul Ball, location: 2F
2-2: Strikes out swinging
Batting: RHB Arturo Rodríguez 0-0: Called Strike
0-1: Foul Ball, location: 2F
0-2: Strikes out swinging
Batting: RHB Kun Liu 0-0: Called Strike
0-1: Ball
1-1: Foul Ball, location: 2F
1-2: Ball
2-2: Strikes out swinging
Top of the 6th over - 0 runs, 0 hits, 0 errors, 0 left on base; Texarkana 3 - Gresham 6
BOTTOM OF THE 6TH
Gresham Gold Souls batting - Pitching for Texarkana Bears : RHP Dave Hammond
Batting: SHB Todd Smith 0-0: Foul Ball, location: 2F
0-1: Called Strike
0-2: Foul Ball, location: 2F
0-2: Fly out, F9 (Flyball, 9)
Batting: RHB Augusto Baiano 0-0: Called Strike
0-1: Foul Ball, location: 2F
0-2: Ball
1-2: Foul Ball, location: 2F
1-2: Ground out 5-3 (Groundball, 56)
Batting: RHB Jim Villiers 0-0: Called Strike
0-1: Foul Ball, location: 2F
0-2: Ball
1-2: Ball
2-2: Fly out, F7 (Flyball, 7)
Bottom of the 6th over - 0 runs, 0 hits, 0 errors, 0 left on base; Texarkana 3 - Gresham 6
TOP OF THE 7TH
Texarkana Bears batting - Pitching for Gresham Gold Souls : RHP Arturo Martínez
Pitching: RHP Eusébio Lagarto
Batting: LHB Alberto Medine 0-0: Ball
1-0: Swinging Strike
1-1: Ball
2-1: Ball
3-1: Fly out, F9 (Flyball, 9LDF)
Batting: RHB Taki Chikafuji 0-0: Ground out 4-3 (Groundball, 4)
Batting: RHB Billy Campbell 0-0: Called Strike
0-1: Swinging Strike
0-2: Foul Ball, location: 2F
0-2: Foul Ball, location: 2F
0-2: Foul Ball, location: 2F
0-2: Ball
1-2: Foul Ball, location: 2F
1-2: Strikes out swinging
Top of the 7th over - 0 runs, 0 hits, 0 errors, 0 left on base; Texarkana 3 - Gresham 6
BOTTOM OF THE 7TH
Gresham Gold Souls batting - Pitching for Texarkana Bears : RHP Dave Hammond
Batting: LHB Bill Murphy 0-0: Ball
1-0: Foul Ball, location: 2F
1-1: Ball
2-1: Swinging Strike
2-2: Foul Ball, location: 2F
2-2: Ground out 2-3 (Groundball, 2L)
Batting: LHB Nick Scott 0-0: Ball
1-0: Foul Ball, location: 2F
1-1: Called Strike
1-2: Fly out, F9 (Flyball, 89M)
Batting: RHB Luis Gonzáles 0-0: Called Strike
0-1: SINGLE (Groundball, 34) (infield hit)
Batting: LHB Millard Dye 0-0: Ball
1-0: Ball
2-0: Ball
3-0: Fielders Choice at 2nd, 6-4 (Groundball, 6)
Bottom of the 7th over - 0 runs, 1 hit, 0 errors, 1 left on base; Texarkana 3 - Gresham 6
TOP OF THE 8TH
Texarkana Bears batting - Pitching for Gresham Gold Souls : RHP Eusébio Lagarto
Batting: RHB Michael Barraclough 0-0: Foul Ball, location: 2F
0-1: Called Strike
0-2: Ball
1-2: Ball
2-2: Ball
3-2: Foul Ball, location: 2F
3-2: Base on Balls
Batting: LHB Sam Barnes 0-0: Ball
1-0: Called Strike
1-1: Swinging Strike
1-2: Ball
2-2: Ball
3-2: Foul Ball, location: 2F
3-2: Base on Balls
Michael Barraclough to second
Batting: RHB Gilberto López 0-0: Ball
1-0: Fly out, F8 (Flyball, 8LS)
Batting: RHB Steve Garneys 0-0: Ball
1-0: Called Strike
1-1: Foul Ball, location: 2F
1-2: Ball
2-2: Strikes out swinging
Batting: RHB Arturo Rodríguez 0-0: Ball
1-0: Foul Ball, location: 2F
1-1: Swinging Strike
1-2: Foul Ball, location: 2F
1-2: Foul Ball, location: 2F
1-2: Ball
2-2: Strikes out swinging
Top of the 8th over - 0 runs, 0 hits, 0 errors, 2 left on base; Texarkana 3 - Gresham 6
BOTTOM OF THE 8TH
Gresham Gold Souls batting - Pitching for Texarkana Bears : RHP Dave Hammond
Pitching: RHP Jesús Ortíz
Batting: RHB Alberto Chávez 0-0: Ball
1-0: Ball
2-0: Ball
3-0: Called Strike
3-1: Fly out, F6 (Flyball, 6MD)
Batting: LHB Ezechiele Bruno 0-0: Foul Ball, location: 2F
0-1: Ground out 5-3 (Groundball, 56)
Batting: SHB Todd Smith 0-0: Ground out 1-3 (Groundball, 13S)
Bottom of the 8th over - 0 runs, 0 hits, 0 errors, 0 left on base; Texarkana 3 - Gresham 6
TOP OF THE 9TH
Texarkana Bears batting - Pitching for Gresham Gold Souls : RHP Eusébio Lagarto
Pitching: LHP Jerry Beck
Batting: RHB Kun Liu 0-0: Ball
1-0: Ball
2-0: Ball
3-0: Base on Balls
Batting: LHB Alberto Medine 0-0: Ball
1-0: Ball
2-0: Swinging Strike
2-1: Ball
3-1: Foul Ball, location: 2F
3-2: Foul Ball, location: 2F
3-2: Strikes out swinging
Batting: RHB Taki Chikafuji 0-0: Swinging Strike
0-1: Ball
1-1: Ball
2-1: Foul Ball, location: 2F
2-2: Foul Ball, location: 2F
2-2: Fly out, F8 (Flyball, 78M)
Batting: RHB Billy Campbell 0-0: Foul Ball, location: 2F
0-1: Foul Ball, location: 2F
0-2: Fly out, F3 (Popup, 3F)
Top of the 9th over - 0 runs, 0 hits, 0 errors, 1 left on base; Texarkana 3 - Gresham 6
Saturday, December 16th, 2017 - OOTP Baseball 18.8 Build 76